 Dungeon Crawl Stone Soup version 0.25-b1-39-g0d900dab71 (webtiles) character file.

Game seed: 13030223493167166229

359 lepoulpe303 the Digger (level 6, -1/32 HPs)
             Began as a Gargoyle Earth Elementalist on June 7, 2020.
             Slain by a worker ant (5 damage)
             ... on level 4 of the Dungeon on June 8, 2020.
             The game lasted 00:11:11 (3805 turns).

lepoulpe303 the Digger (GrEE)                       Turns: 3805, Time: 00:11:12

Health: -1/32      AC:  7    Str: 12    XL:     6   Next: 65%
Magic:  2/11       EV: 12    Int: 17    God:
Gold:   118        SH:  4    Dex: 10    Spells: 2/12 levels left

rFire    . . .     SeeInvis .   r - +3 short sword
rCold    . . .     Gourm    .   d - +0 buckler
rNeg     + . .     Faith    .   l - +0 leather armour
rPois    ∞         Spirit   .   (no helmet)
rElec    +         Reflect  .   (no cloak)
rCorr    .         Harm     .   (no gloves)
MR       +....                  (no boots)
Stlth    ++........             (no amulet)
HPRegen  0.10/turn              m - ring of protection from magic
MPRegen  0.12/turn              (no ring)

@: no status effects
A: negative energy resistance 1, electricity resistance, unbreathing,
petrification resistance, rot immunity, AC +4
a: no special abilities


You were on level 4 of the Dungeon.
You were not hungry.

You visited 1 branch of the dungeon, and saw 4 of its levels.

You collected 118 gold pieces.

Inventory:

Hand Weapons
 b - a +0 dagger
 n - a +0 whip
 r - a +3 short sword (weapon)
Missiles
 Q - 157 stones (quivered)
Armour
 c - a +0 robe
 d - a +0 buckler (worn)
 l - a +0 leather armour (worn)
Jewellery
 m - a ring of protection from magic (left hand)
Scrolls
 f - 2 scrolls of remove curse {unknown}
 i - 2 scrolls of identify
 j - 2 scrolls of teleportation {unknown}
 p - a scroll of amnesia {unknown}
 u - a scroll of immolation {unknown}
 v - a scroll of noise {unknown}
 w - a scroll of enchant weapon {unknown}
Potions
 a - 2 potions of stabbing
 g - a potion of degeneration {unknown}
 h - a potion of heal wounds {unknown}
 k - 2 potions of magic
 o - a potion of lignification {unknown}
 q - 3 potions of curing
 t - 2 potions of flight
Comestibles
 e - 7 rations
 s - a chunk of flesh


   Skills:
 + Level 2.7 Dodging
 - Level 2.1 Stealth
 + Level 2.4 Shields
 * Level 3.9 Spellcasting
 - Level 0.7 Transmutations
 * Level 5.8 Earth Magic


You had 2 spell levels left.
You knew the following spells:

 Your Spells              Type           Power        Failure   Level  Hunger
a - Sandblast             Erth           ###...       2%          1    None
c - Petrify               Tmut/Erth      ##......     54%         4    ####...
w - Passwall              Tmut/Erth      ##......     10%         2    ##.....
x - Stone Arrow           Conj/Erth      ##....       22%         3    ###....

Your spell library contained the following spells:

 Spells                   Type           Power        Failure   Level  Hunger
 Lee's Rapid Deconstruct  Erth           ###.......   52%         5    ######.


Dungeon Overview and Level Annotations

Branches:
Dungeon (4/15)
 Temple: D:4-7

Altars:
Dithmenos
Fedhas
Qazlal


Innate Abilities, Weirdness & Mutations

You are resistant to torment.
Your stone body is resilient. (AC +4)
You are immune to poison.
You resist negative energy. (rN+)
You are resistant to electric shocks. (rElec)
You can survive without breathing.
You are immune to petrification.
You are immune to rotting.


Message History

An orc wizard comes into view. It is wielding a +0 dagger.
You hear a shout!
An orc and an orc wizard come into view.
The orc wizard is wielding a +3 dagger of speed and wearing a +2 robe of magic resistance.
The orc wizard shouts!
The orc shouts!
The worker ant bites you.
* * * LOW HITPOINT WARNING * * *
You take 5 damage, and have 6/32 hp.
You hear the slow rusting of a drain nearby.
The phantom blinks!
The worker ant bites you.
* * * LOW HITPOINT WARNING * * *
You take 3 damage, and have 4/32 hp.
Your magical contamination has completely faded away.
The worker ant closely misses you. You block the worker ant's attack.
The orc wizard mumbles some strange words.
The orc wizard blinks!
You open the door. You block the worker ant's attack. The worker ant bites you.
You die...

###.#.##.#.##.##o.##.#(o
#.#'##....o.....##.#
#....###....o........
#....# #....o...#....
#....###o####..##...#
####.......o...#..# ..#
#####.........o.......#
#.#
#..........#oa.....##..
## #..........'@......#
..# #..........#.......#
...
#..........#######...#
#.....###### ....
#.....# #.... #.....#
.... #.....# #.....#
#.....#


You could see a worker ant, an orc wizard and 4 orcs.

Levels and vault maps discovered:
D:1:      dpeg_arrival_leaves_temple_mockup, layout_basic
D:2:      layout_basic, lemuel_crystal_altar, first_ration, st_stairs_10
D:3:      layout_basic, gammafunk_temple_overflow_statue
D:4:      layout_basic, minmay_temple_entry_arrows, lightli_sewer_entry_pipes,
          kennysheep_generic_room_10

Notes
Turn   | Place    | Note
-------+----------+-------------------------------------------
     0 | D:1      | lepoulpe303 the Gargoyle Earth Elementalist began the quest
                  | for the Orb.
     0 | D:1      | Reached XP level 1. HP: 10/10 MP: 3/3
    71 | D:1      | Identified a +0 dagger
   410 | D:1      | Reached XP level 2. HP: 10/15 MP: 5/5
   500 | D:1      | Identified a +0 dagger
   522 | D:1      | Reached skill level 4 in Earth Magic
   819 | D:1      | Identified a +0 club
  1052 | D:1      | Identified a +0 club
  1124 | D:1      | Reached XP level 3. HP: 17/19 MP: 6/6
  1451 | D:2      | Found a blossoming altar of Fedhas.
  1512 | D:2      | Identified a +0 club
  1845 | D:2      | Identified a +0 whip (You found it on level 2 of the
                  | Dungeon)
  1878 | D:2      | Identified a +0 dagger
  1984 | D:2      | Reached skill level 2 in Dodging
  1984 | D:2      | Reached skill level 1 in Shields
  2054 | D:2      | Identified a +0 dagger
  2061 | D:2      | Reached XP level 4. HP: 24/24 MP: 3/8
  2156 | D:2      | Identified a +0 club
  2156 | D:2      | Identified a +0 club
  2310 | D:2      | Learned a level 2 spell: Passwall
  2314 | D:2      | Learned a level 3 spell: Stone Arrow
  2324 | D:2      | Identified a +0 leather armour (You found it on level 1 of
                  | the Dungeon)
  2329 | D:2      | Identified a +0 buckler (You found it on level 1 of the
                  | Dungeon)
  2346 | D:3      | Identified a +3 short sword
  2373 | D:3      | Reached skill level 3 in Spellcasting
  2373 | D:3      | Reached XP level 5. HP: 16/28 MP: 0/9
  2438 | D:3      | Identified a +0 flail
  2438 | D:3      | Identified a +0 dagger
  2446 | D:3      | HP: 2/28 [orc priest/divine providence (9)]
  2448 | D:3      | Identified a +0 dagger
  2448 | D:3      | Identified a +0 leather armour
  2771 | D:3      | Reached skill level 5 in Earth Magic
  2788 | D:3      | Identified a +0 dagger
  2789 | D:3      | Identified a +0 short sword
  2874 | D:3      | Identified a +0 club
  3216 | D:3      | Identified a +0 dagger
  3366 | D:3      | Found a stormy altar of Qazlal.
  3367 | D:3      | Found a shadowy altar of Dithmenos.
  3505 | D:3      | Reached skill level 2 in Shields
  3585 | D:3      | Reached XP level 6. HP: 32/32 MP: 9/11
  3591 | D:3      | Learned a level 4 spell: Petrify
  3597 | D:3      | Identified 7 scrolls of identify
  3597 | D:3      | Identified a ring of protection from magic (You found it on
                  | level 2 of the Dungeon)
  3599 | D:3      | Identified 3 potions of curing
  3600 | D:3      | Identified 2 potions of magic
  3601 | D:3      | Identified 2 potions of flight
  3602 | D:3      | Identified 2 potions of stabbing
  3776 | D:4      | Noticed a phantom
  3791 | D:4      | Identified a +0 short sword
  3791 | D:4      | Identified a +0 leather armour
  3791 | D:4      | Identified a +1 vorpal mace
  3791 | D:4      | Identified a +0 dagger
  3791 | D:4      | Identified a +0 robe
  3793 | D:4      | Identified a +3 dagger of speed
  3793 | D:4      | Identified a +2 robe of magic resistance
  3793 | D:4      | Identified a +0 short sword
  3795 | D:4      | HP: 6/32 [worker ant (5)]
  3805 | D:4      | Slain by a worker ant

Table legend:
 A = Turns spent in this place as a percentage of turns spent in the entire game.
 B = Non-inter-level travel turns spent in this place as a percentage of non-inter-level travel turns spent in the entire game.
 C = Inter-level travel turns spent in this place as a percentage of turns spent in this place.
 D = Turns resting spent in this place as a percentage of non-inter-level travel turns spent in this place.
 E = Turns spent auto-exploring this place as a percentage of non-inter-level travel turns spent in this place.
 F = Non-inter-level travel turns spent in this place divided by the number of levels of this place that you've seen.
                   A       B       C       D       E      F
               +-------+-------+-------+-------+-------+----------------------
         Total | 100.0 | 100.0 |   2.9 |  33.2 |  46.4 | 923.8
       Dungeon | 100.0 | 100.0 |   2.9 |  33.2 |  46.4 | 923.8
               +-------+-------+-------+-------+-------+----------------------

Table legend:
 A = Kills in this place as a percentage of kills in entire the game.
 B = Kills by you in this place as a percentage of kills by you in the entire game.
 C = Kills by friends in this place as a percentage of kills by friends in the entire game.
 D = Other kills in this place as a percentage of other kills in the entire game.
 E = Experience gained in this place as a percentage of experience gained in the entire game.
 F = Experience gained in this place divided by the number of levels of this place that you have seen.
                   A       B       C       D       E      F
               +-------+-------+-------+-------+-------+----------------------
         Total | 100.0 | 100.0 |   N/A |   N/A | 100.0 | 128.5
       Dungeon | 100.0 | 100.0 |   N/A |   N/A | 100.0 | 128.5
               +-------+-------+-------+-------+-------+----------------------

Skill      XL: |  1  2  3  4  5 |
---------------+----------------+-----
Earth Magic    | 4 5 |  5.8
Dodging        | 2 |  2.7
Shields        | 1 2 |  2.4
Spellcasting   | 3 |  3.9
Stealth        | |  2.1
Transmutations | |  0.7

Action                   |  1- 3 |  4- 6 || total
-------------------------+-------+-------++-------
Melee: Unarmed           |    19 |       ||    19
       Dagger            |   101 |       ||   101
       Whip              |    29 |    12 ||    41
       Short sword       |       |    62 ||    62
 Cast: Sandblast         |    15 |    65 ||    80
  Use: Scroll            |       |     5 ||     5
 Stab: Sleeping          |     4 |     1 ||     5
  Eat: Chunk             |     4 |     5 ||     9
Armor: Robe              |    77 |     6 ||    83
       Leather armour    |       |    35 ||    35
Dodge: Dodged            |   128 |    66 ||   194
Block: Buckler           |       |    22 ||    22

Vanquished Creatures
  2 scorpions
  A hound (D:4)
  An orc priest (D:3)
  A bullfrog skeleton (D:4)
  A worker ant (D:4)
  7 adders
  2 worms (D:3)
  3 dart slugs
  3 leopard geckos
  4 orcs (D:3)
  9 bats
  4 giant cockroaches
  9 goblins
  9 hobgoblins
  2 jackals (D:2)
  8 kobolds
  A quokka (D:3)
  2 frilled lizards
  10 rats
79 creatures vanquished.
